AoeStats
← 体制少妇白洁

Highland

506863184Analyzed
4v4 RM · 16d ago on Sep 15, 2026· 23m 15s· 8 players
Game mode
Random Map
Map size
Large (8 player)
Population
200
Speed
Normal
Resources
Standard
Victory
Conquest
Starting age
Dark Age
Ending age
Imperial Age
RankedLock teamsTeams togetherTeam positionsShared explorationLock speedFull tech treeHidden civsTurbo modeCheats
Victory
Defeat
🇭🇰 Franks · Hong Kong SAR China
1507
+11
🇨🇳 Wei · China
1406
+15
🇨🇳 Jurchens · China
1387
+15
🇨🇳 Mongols · China
1313
+18
🇩🇪 Bengalis · Germany
1422
-17
🇨🇳 Bulgarians · China
1383
-15
🇷🇺 Vietnamese · Russia
1355
-14
🇬🇧 Wu · United Kingdom
1340
-13
菜鸟的噩梦
6:59 Loom
8:57 Loom
9:17 Loom
11:34 Feudal Age
12:15 Double-Bit Axe
15:26 Horse Collar
20:10 Castle Age
19:07 Gold Mining
21:12 Bloodlines
21:21 Bow Saw
21:23 Husbandry
22:08 Wheelbarrow
21:31 Fletching
22:31 Bodkin Arrow
22:38 Padded Archer Armor
M*rpheu$
10:36 Feudal Age
11:05 Loom
16:26 Castle Age
14:37 Horse Collar
15:16 Double-Bit Axe
16:52 Bloodlines
17:34 Scale Barding Armor
milopokerboy
6:14 Loom
10:47 Feudal Age
12:15 Double-Bit Axe
16:34 Fletching
17:51 Scale Mail Armor
Mr.Kos
9:06 Loom
10:52 Feudal Age
15:25 Castle Age
14:16 Double-Bit Axe
14:15 Horse Collar
16:28 Heavy Plow
体制少妇白洁
7:05 Loom
9:31 Feudal Age
10:17 Double-Bit Axe
18:38 Castle Age
17:21 Gold Mining
17:22 Stone Mining
19:40 Medium Warships
20:54 Bow Saw
咽语习言
10:27 Feudal Age
12:19 Double-Bit Axe
15:18 Castle Age
13:22 Horse Collar
14:39 Scale Barding Armor
15:11 Gold Mining
19:29 Bloodlines
20:18 Forging
21:10 Husbandry
22:20 Bow Saw
23:38 Chain Barding Armor
FoLuo
8:02 Feudal Age
8:42 Double-Bit Axe
15:35 Bloodlines
15:20 Horse Collar
17:19 Wheelbarrow
21:23 Castle Age
20:47 Scale Barding Armor
21:36 Light Cavalry
22:17 Husbandry
22:41 Chain Barding Armor
22:42 Bow Saw
23:51 Chain Barding Armor
cookie tin
5:56 Loom
10:39 Feudal Age
10:42 Man-at-Arms
11:09 Double-Bit Axe
11:56 Arson
12:45 Arson
15:22 Wheelbarrow
19:33 Castle Age
17:37 Horse Collar
20:08 Stone Mining
20:30 Bow Saw
21:51 Hand Cart
21:53 Fletching
22:37 Bodkin Arrow
22:44 Town Watch
Connection lost

Rejoining the realm…

Still unreachable

The connection could not be restored.

Session expired

The server has moved on; the page needs a fresh start.